 Dungeon Crawl Stone Soup version 0.28-a0-1524-ge72afd5fc6 (webtiles) character file.

Game seed: 14007042509345618158

9 knot the Chopper (level 2, 10/24 HPs)
             Began as a Demonspawn Berserker on Jan 18, 2022.
             Was a Follower of Trog.
             Quit the game on level 1 of the Dungeon.
             The game lasted 00:00:09 (44 turns).

knot the Chopper (Demonspawn Berserker)               Turns: 44, Time: 00:00:10

Health: 10/24      AC:  2    Str: 17    XL:     2   Next: 3%
Magic:  2/2        EV: 12    Int:  8    God:    Trog [*.....]
Gold:   0          SH:  4    Dex: 12    Spells: 1/1 levels left

rFire   . . .      SeeInvis .   a - +0 hand axe
rCold   . . .      Faith    .   (no shield)
rNeg    . . .      Spirit   .   b - +0 animal skin
rPois   .          Reflect  .   (no helmet)
rElec   .          Harm     .   (no cloak)
rCorr   .          Rampage  .   (no gloves)
Will    .....                   (no boots)
Stlth   +.........              (no amulet)
HPRegen 0.08/turn               (no ring)
MPRegen 0.08/turn               (no ring)

@: no status effects
A: large bone plates 1
a: Renounce Religion, Berserk


You were on level 1 of the Dungeon.
You worshipped Trog.
Trog was aware of your devotion.
You visited 1 branch of the dungeon, and saw 1 of its levels.

Inventory:

Hand Weapons
 a - a +0 hand axe (weapon)
Armour
 b - a +0 animal skin (worn)


   Skills:
 - Level 3.0 Fighting
 + Level 3.2 Axes
 - Level 1.7 Armour
 - Level 1.7 Dodging


You had one spell level left.
You didn't know any spells.
Your spell library was empty.

Dungeon Overview and Level Annotations

Branches:
Dungeon (1/15)

Altars:


Innate Abilities, Weirdness & Mutations

You are partially covered in large bone plates. (SH +4)


Message History

The ball python constricts you. The ball python bites you.
The ball python constricts you.
Your Axes skill increases to level 3!
You hit the ball python.
You kill the ball python!
Trog accepts your kill.
You hit the rat.
You kill the rat!
Trog accepts your kill.
A jackal comes into view.
You closely miss the rat. The rat closely misses you. x2
You slash the rat!
You kill the rat!
Trog accepts your kill.
A jackal comes into view.
A jackal and a hobgoblin come into view.
Found a hand axe, a ring mail, a throwing net and a book of the Hunter.
The jackal barks!
The hobgoblin shouts!
You hear a bark!
The goblin hits you with a +0 dagger.
The jackal moves out of view.
The hobgoblin moves out of view.
Items here: ) ††††.
You closely miss the goblin. The goblin hits you with a +0 dagger.
You hit the goblin.
The goblin is severely wounded.
You hit the jackal.
The jackal bites you but does no damage.
The goblin misses you. The jackal bites you.
You are too injured to fight recklessly!
You are too injured to fight recklessly!
Unknown command.
You are too injured to fight recklessly!
You hit the goblin.
You kill the goblin!
Trog accepts your kill.
You barely miss the jackal. The jackal bites you.
The jackal closely misses you.
You have reached level 2!
Your demonic ancestry asserts itself...
Large bone plates grow over parts of your arms.
Are you sure you want to abandon this character and quit the game? (Confirm with "yes".)

# ## ..# ### .#.
# .. ### ....
##.. #:##.##(#
..... #..#
(.......? .....
#.###
#[......##.....
#...###
#.......#......
#<#....
..).g.hh...#
####.## #@.#.#
#.## #)...#
######.#
##....####.....##
#..........#####
#.....#..>#.####
#######.###.###
#.###...#
#....##.#
####.##.#


You could see 2 jackals and a hobgoblin.

Vanquished Creatures
  A ball python (D:1)
  3 goblins (D:1)
  A hobgoblin (D:1)
  A bat (D:1)
  2 rats (D:1)
8 creatures vanquished.

Notes
Turn   | Place    | Note
-------+----------+-------------------------------------------
     0 | D:1      | knot the Demonspawn Berserker began the quest for the Orb.
     0 | D:1      | Reached XP level 1. HP: 18/18 MP: 1/1
    44 | D:1      | Gained mutation: You are partially covered in large bone
                  | plates. (SH +4) [demonic ancestry]
    44 | D:1      | Reached XP level 2. HP: 10/24 MP: 2/2
    44 | D:1      | Quit the game

Illustrated notes

Levels and vault maps discovered:
D:1:      dpeg_arrival_round_a, layout_basic, ebering_ecumenical_altar_mist,
          serial_curves, eino_curves_01, eino_curves_02, minmay_three_crescents

Skill      XL: |  1 |
---------------+----+-----
Axes           | 3 |  3.2
Fighting       | |  3.0
Armour         | |  1.7
Dodging        | |  1.7

Action                   || total
-------------------------++-------
Melee: Hand axe          ||    11
Armor: Animal skin       ||     4
Dodge: Dodged            ||    10

Table legend: (Time is in decaauts)
 A = Elapsed time spent in this place.
 B = Non-inter-level travel time spent in this place.
 C = Inter-level travel time spent in this place.
 D = Time resting spent in this place.
 E = Time spent auto-exploring this place.
 F = Levels seen in this place.
 G = Mean time per level.
                   A        B        C        D        E       F      G
               +--------+--------+--------+--------+--------+-----+--------+
         Total |     45 |     45 |      0 |      0 |     27 |   1 |   45.0 |
       Dungeon |     45 |     45 |      0 |      0 |     27 |   1 |   45.0 |
               +--------+--------+--------+--------+--------+-----+--------+

Top non-repeatable levels by time:
     D:1: 45 daAuts
